 Dungeon Crawl Stone Soup version 0.31.0-11-ge490571c62 (webtiles) character file.

Game seed: 18355951033868306971

275 qw the Ducker (level 6, -13/30 HPs)
             Began as a Spriggan Hunter on Feb 4, 2024.
             Mangled by a mummy (17 damage)
             ... in an ossuary.
             The game lasted 00:00:11 (2912 turns).

qw the Ducker (Spriggan Hunter)                     Turns: 2912, Time: 00:00:11

Health: -13/30     AC:  4    Str:  7    XL:     6   Next: 3%
Magic:  7/7        EV: 21    Int: 10    God:
Gold:   173        SH:  0    Dex: 21    Spells: 5/5 levels left

rFire   . . .        a - +1 shortbow
rCold   + . .        (shield currently unavailable)
rNeg    . . .        c - +0 robe
rPois   +            e - +2 hat
rElec   .            (no cloak)
rCorr   .            (gloves unavailable)
SInv    +            (boots unavailable)
Will    +....        (no amulet)
Stlth   ++           d - ring of poison resistance
HPRegen 0.25/turn    f - ring of protection from cold
MPRegen 0.10/turn

%: no passive effects
@: about to teleport, very quick
A: very small, no large weapons, unfitting armour, see invisible, speed 3
a: no special abilities


You were in an ossuary.
You visited 1 branch of the dungeon, and saw 4 of its levels.
You also visited: Ossuary.

You collected 173 gold pieces.


Innate Abilities, Weirdness & Mutations

You are very small and have problems with some larger weapons.
You are too small for most types of armour.
You have supernaturally acute eyesight. (SInv)
You cover ground extremely quickly. (Speed+++)


   Skills:
 - Level 2.0 Fighting
 + Level 5.9 Ranged Weapons
 - Level 5.9 Dodging
 - Level 1.5 Stealth


You had 5 spell levels left.
You didn't know any spells.
Your spell library was empty.

Inventory:

Hand Weapons
 a - a +1 shortbow (weapon)
Armour
 c - a +0 robe (worn)
 e - a +2 hat (worn)
Jewellery
 d - a ring of poison resistance (left hand)
 f - a ring of protection from cold (right hand)
Potions
 g - a potion of might {unknown}
 j - a potion of enlightenment

Dungeon Overview and Level Annotations

Branches:
Dungeon (4/15)            Ossuary (1/1)
 Temple: D:4-7

Altars:
Sif Muna


Message History

You destroy the mummy!
You have reached level 6!
You shoot an arrow. The arrow barely misses the mummy.
You shoot an arrow.
The arrow hits the mummy but does no damage.
The mummy hits you but does no damage.
You shoot an arrow. The arrow hits the mummy.
The mummy is lightly damaged.
The mummy hits you. x2
You shoot an arrow.
The arrow hits the mummy but does no damage.
The mummy is lightly damaged.
You shoot an arrow. The arrow hits the mummy!
The mummy is severely damaged.
The mummy completely misses you. The mummy misses you.
The hobgoblin zombie hits you.
You shoot an arrow. The arrow hits the mummy.
The mummy is severely damaged.
The mummy misses you. The hobgoblin zombie hits you.
You shoot an arrow. The arrow barely misses the mummy.
You shoot an arrow. The arrow hits the mummy.
The mummy is severely damaged.
The hobgoblin zombie completely misses you.
The hobgoblin zombie hits you but does no damage.
The mummy hits you!
Ouch! That really hurt!
The mummy completely misses you.
2910 ||| READING scroll of teleportation.
As you read the scroll of teleportation, it crumbles to dust.
You feel strangely unstable.
The hobgoblin zombie completely misses you.
The hobgoblin zombie hits you. The mummy misses you.
The mummy completely misses you.
You shoot an arrow. The arrow hits the mummy.
The mummy is almost destroyed.
The hobgoblin zombie hits you. The hobgoblin zombie misses you.
You shoot an arrow. The arrow barely misses the mummy.
The mummy hits you!
Ouch! That really hurt!
You die...

Z..........
.........
........
......
#....#
#..ZZ#
#.MMZ#
#.M@.#
#....#
#....#
#....#
#....#
#.\\.#
######


You could see 3 mummies and 4 hobgoblin zombies.

Vanquished Creatures
  A scorpion (D:3)
  2 hounds (D:4)
  A mummy (Ossuary)
  2 adders
  3 gnolls (D:2)
  2 ribbon worms
  3 orcs (D:4)
  3 ball pythons
  7 endoplasms
  4 giant cockroaches
  A gnoll zombie (Ossuary)
  9 goblins
  2 hobgoblins (D:3)
  7 jackals
  11 kobolds
  A quokka (D:3)
  6 bats
  12 frilled lizards
  A hobgoblin zombie (Ossuary)
  An orc zombie (Ossuary)
  5 rats
84 creatures vanquished.

Notes
Turn   | Place    | Note
-------+----------+-------------------------------------------
     0 | D:1      | qw the Spriggan Hunter began the quest for the Orb.
     0 | D:1      | Reached XP level 1. HP: 10/10 MP: 2/2
     0 | D:1      | Noticed a large abomination
     0 | D:1      | Noticed a large abomination
     0 | D:1      | 0 ||| qw: Version: 0.3-a-160-g6735b56
     0 | D:1      | 0 ||| qw: Game counter: 5194
     0 | D:1      | 0 ||| qw: Melee chars always use a shield: true
     0 | D:1      | 0 ||| qw: God list: Okawaru
     0 | D:1      | 0 ||| qw: Allow faded altars: false
     0 | D:1      | 0 ||| qw: Do Orc after clearing Dungeon:15 true
     0 | D:1      | 0 ||| qw: Do second Lair branch before Depths: true
     0 | D:1      | 0 ||| qw: Lair rune preference: random
     0 | D:1      | 0 ||| qw: Goals: Normal
     0 | D:1      | 0 ||| PLANNING D:1-11
     1 | D:1      | Noticed a large abomination
     4 | D:1      | Noticed a large abomination
     6 | D:1      | Noticed a large abomination
     8 | D:1      | Noticed a large abomination
    11 | D:1      | Noticed a large abomination
    13 | D:1      | Noticed a large abomination
    13 | D:1      | Noticed a large abomination
    15 | D:1      | Noticed a large abomination
    15 | D:1      | Noticed a large abomination
    17 | D:1      | Noticed a large abomination
    17 | D:1      | Noticed a large abomination
    17 | D:1      | Noticed a large abomination
    19 | D:1      | Noticed a large abomination
    19 | D:1      | Noticed a large abomination
    21 | D:1      | Noticed a large abomination
    66 | D:1      | Reached skill level 3 in Dodging
   134 | D:1      | Reached XP level 2. HP: 14/14 MP: 3/3
   873 | D:1      | Reached XP level 3. HP: 18/18 MP: 4/4
   910 | D:1      | 910 ||| READING scroll labelled ZINKUE LELEIXT.
  1011 | D:1      | 1011 ||| READING 2 scrolls labelled OTUWIE FAOBAWNE.
  1012 | D:1      | 1012 ||| READING 2 scrolls labelled FILIKK WYTU.
  1013 | D:1      | 1013 ||| READING scroll labelled UTWANG OG QEHYO.
  1014 | D:1      | 1014 ||| READING 2 scrolls labelled MUENAXO OPE FUGH.
  1014 | D:1      | 1014 ||| IDENTIFYING scroll labelled AROLARISHA
  1015 | D:1      | 1015 ||| DROPPING scroll of butterflies.
  1016 | D:1      | 1016 ||| DROPPING scroll of summoning.
  1017 | D:1      | 1017 ||| DROPPING scroll of fear.
  1018 | D:1      | 1018 ||| DROPPING scroll of fog.
  1122 | D:2      | 1122 ||| FLEEEEING.
  1123 | D:2      | 1123 ||| FLEEEEING.
  1124 | D:2      | 1124 ||| FLEEEEING.
  1125 | D:2      | 1125 ||| FLEEEEING.
  1126 | D:2      | 1126 ||| FLEEEEING.
  1184 | D:2      | Found a shimmering blue altar of Sif Muna.
  1325 | D:2      | Reached XP level 4. HP: 19/22 MP: 5/5
  1755 | D:2      | 1755 ||| UPGRADING to ring of poison resistance.
  1756 | D:2      | 1756 ||| UPGRADING to ring of protection from cold.
  1757 | D:2      | 1757 ||| READING 3 scrolls of identify.
  1757 | D:2      | 1757 ||| IDENTIFYING silvery potion
  1758 | D:2      | 1758 ||| READING 2 scrolls of identify.
  1758 | D:2      | 1758 ||| IDENTIFYING scroll labelled QIT LYZAMPEETO
  1759 | D:2      | 1759 ||| READING scroll of enchant weapon.
  1759 | D:2      | 1759 ||| ENCHANTING +0 shortbow.
  1760 | D:2      | 1760 ||| DROPPING potion of ambrosia.
  1784 | D:3      | Noticed a scorpion
  1790 | D:3      | Killed a scorpion
  1791 | D:3      | Reached XP level 5. HP: 25/25 MP: 6/6
  2366 | D:3      | 2366 ||| DROPPING ring of magical power.
  2367 | D:3      | 2367 ||| READING 2 scrolls of identify.
  2367 | D:3      | 2367 ||| IDENTIFYING sedimented pink potion
  2368 | D:3      | 2368 ||| READING scroll of identify.
  2368 | D:3      | 2368 ||| IDENTIFYING fizzy red potion
  2369 | D:3      | 2369 ||| READING scroll labelled FUSCHU KEUDIEM.
  2372 | D:3      | 2372 ||| DRINKING 2 fizzy inky potions.
  2373 | D:3      | 2373 ||| DROPPING potion of magic.
  2374 | D:3      | 2374 ||| DROPPING potion of degeneration.
  2616 | D:4      | 2616 ||| PLANNING OSSUARY
  2868 | D:4      | Found a sand-covered staircase.
  2869 | D:4      | 2869 ||| UPGRADING to +2 hat.
  2879 | Ossuary  | Entered an ossuary
  2902 | Ossuary  | Reached XP level 6. HP: 30/30 MP: 7/7
  2909 | Ossuary  | HP: 7/30 [mummy (17)]
  2910 | Ossuary  | 2910 ||| READING scroll of teleportation.
  2911 | Ossuary  | HP: 3/30 [hobgoblin zombie (1)]
  2912 | Ossuary  | Mangled by a mummy

Levels and vault maps discovered:
D:1:      shiori_arrival_whats_in_store_for_you, layout_loops_corners,
          minmay_tall_x
D:2:      layout_loops_ring, basic_altar, chequers_mini_garden,
          minmay_pentomino_u2
D:3:      layout_basic, serial_corexii_hall, chequers_hall_statues_corner_a,
          corexii_hall_statues_deadend, minmay_lizard_king
D:4:      layout_basic, nicolae_ossuary_entry_plus
Ossuary:  ossuary_tomb_3

Skill      XL: |  1  2  3  4  5 |
---------------+----------------+-----
Dodging        | 3 4 5 |  5.9
Ranged Weapons | 5 |  5.9
Fighting       | 2 |  2.0
Stealth        | |  1.5

Action                     |  1- 3 |  4- 6 || total
---------------------------+-------+-------++-------
   Fire: Shortbow          |   102 |   128 ||   230
    Use: Scroll            |     5 |     7 ||    12
         Potion            |       |     1 ||     1
 Armour: Robe              |    23 |    17 ||    40
  Dodge: Dodged            |    56 |    31 ||    87

Table legend:
 A = Non-vault XP
 B = Vault XP
 C = Vault XP percentage of total XP
 D = Non-vault monster count
 E = Vault monster count
 F = Vault count percentage of total count
                 A         B        C        D         E       F
            +---------+---------+-------+---------+---------+-------
      Total |     357 |      36 |   9.2 |      68 |      16 |  19.0
            +---------+---------+-------+---------+---------+-------
        D:1 |      36 |       6 |  14.3 |      21 |       4 |  16.0
        D:2 |      89 |       0 |   0.0 |      20 |       0 |   0.0
        D:3 |     113 |       8 |   6.6 |      18 |       8 |  30.8
        D:4 |     119 |       0 |   0.0 |       9 |       0 |   0.0
    Ossuary |       0 |      22 | 100.0 |       0 |       4 | 100.0
            +---------+---------+-------+---------+---------+-------
